 Dungeon Crawl Stone Soup version 0.28.0-53-g5a82cb258f (webtiles) character file.

Game seed: 16816658284350759799

47635 Tirrikindir the Carver (level 14, -3/103 HPs)
             Began as an Octopode Fighter on Aug 11, 2022.
             Was an Initiate of Gozag.
             Slain by an eight-headed hydra (6 damage)
             ... while petrified by a catoblepas
             ... on level 13 of the Dungeon.
             The game lasted 00:58:24 (16323 turns).

Tirrikindir the Carver (Octopode Fighter)          Turns: 16323, Time: 00:58:24

Health: -3/103     AC:  5    Str: 23    XL:     14   Next: 42%
Magic:  23/23      EV:  2    Int: 11    God:    Gozag
Gold:   991        SH:  0    Dex: 14    Spells: 13/13 levels left

rFire   + . .      SeeInvis .   w - +6 scimitar (spect)
rCold   . . .      Faith    .   b - +1 buckler
rNeg    + + +      Spirit   .   (helmet restricted)
rPois   ∞          Reflect  .   f - amulet of regeneration
rElec   .          Harm     .   g - ring of protection from fire
rCorr   .          Rampage  .   r - ring of magical power
Will    +....                   u - +4 ring of evasion
Stlth   ++++++....              l - +4 ring of evasion
HPRegen 1.07/turn               C - +6 ring of strength
MPRegen 0.18/turn               I - ring of flight
                                (no ring)
                                (no ring)

@: petrified, flying
A: almost no armour, amphibious, 8 rings, camouflage 1, gelatinous body 1,
(nimble swimmer 1), tentacles, tentacle spike 1, iridescent scales 2
a: Renounce Religion, Potion Petition, Call Merchant, Bribe Branch


You were on level 13 of the Dungeon.
You worshipped Gozag.
Gozag was pleased with you.
You visited 2 branches of the dungeon, and saw 18 of its levels.
You also visited: Sewer and Bailey.

You collected 4323 gold pieces.
You spent 761 gold pieces at shops.
You paid 2571 gold pieces to Gozag.

Inventory:

Hand Weapons
 k - a +1 scimitar of flaming
 w - a +6 spectral scimitar (weapon)
Missiles
 x - 3 throwing nets
 K - 19 poisoned darts (quivered)
Armour
 b - a +1 buckler (worn)
Jewellery
 f - an amulet of regeneration (around mantle)
 g - a ring of protection from fire (left tentacle)
 l - a +4 ring of evasion (on tentacle)
 r - a ring of magical power (right tentacle)
 u - a +4 ring of evasion (on tentacle)
 C - a +6 ring of strength (on tentacle)
 D - a ring of fire
 I - a ring of flight (on tentacle)
Wands
 a - a wand of acid (6)
 e - a wand of polymorph (7)
 i - a wand of charming (10)
 Q - a wand of mindburst (5)
Scrolls
 j - 2 scrolls of fog
 m - 2 scrolls of blinking
 p - a scroll of immolation
 q - 4 scrolls of teleportation
 v - a scroll of summoning
 N - 9 scrolls of identify
 O - a scroll of magic mapping
 R - a scroll of fear
Potions
 c - 3 potions of brilliance
 d - a potion of mutation
 h - 9 potions of curing
 n - 5 potions of might
 o - 2 potions of resistance
 s - 5 potions of heal wounds
 z - a potion of magic
 A - 4 potions of haste
 H - a potion of cancellation
Miscellaneous
 S - a condenser vane


   Skills:
 - Level 12.0 Fighting
 * Level 14.4 Long Blades
 - Level 3.0 Throwing
 + Level 9.6 Dodging
 - Level 12.0 Stealth
 + Level 9.7 Shields
 + Level 7.2 Evocations


You had 13 spell levels left.
You didn't know any spells.
Your spell library contained the following spells:

 Spells                   Type           Power      Damage    Failure   Level
 Animate Skeleton         Necr           0%         N/A       41%         1
 Apportation              Tloc           0%         N/A       41%         1
 Summon Small Mammal      Summ           0%         N/A       41%         1
 Sublimation of Blood     Necr           0%         N/A       54%         2
 Wereblood                Tmut           0%         N/A       54%         2
 Conjure Flame            Conj/Fire      0%         6-21      78%         3
 Gell's Gravitas          Tloc           0%         N/A       78%         3
 Ignite Poison            Fire/Tmut/Pois 0%         N/A       78%         3
 Inner Flame              Hex/Fire       0%         N/A       78%         3
 Lesser Beckoning         Tloc           0%         N/A       78%         3
 Teleport Other           Tloc           0%         N/A       78%         3
 Cause Fear               Hex            0%         N/A       99%         4
 Petrify                  Tmut/Erth      0%         N/A       99%         4
 Sticky Flame             Conj/Fire      0%         2d3       99%         4
 Irradiate                Conj/Tmut      0%         3d13      100%        5
 Metabolic Englaciation   Hex/Ice        0%         N/A       100%        5
 Conjure Ball Lightning   Conj/Air       0%         3x3d6     100%        6
 Statue Form              Tmut/Erth      0%         N/A       100%        6
 Summon Hydra             Summ           0%         N/A       100%        7
 Discord                  Hex            0%         N/A       100%        8
 Disjunction              Tloc           0%         N/A       100%        8


Dungeon Overview and Level Annotations

Branches:
Dungeon (13/15)            Temple (0/1) D:5            Lair (5/6) D:8
 Shoals (0/4) Lair:2       Spider (0/4) Lair:4          Orc (0/2) D:11
  Sewer (visited)          Bailey (visited)
  Slime: Lair:5-6    Vaults: D:13-14

Altars:
Ashenzari
Dithmenos
Elyvilon
Gozag
Hepliaklqana
Makhleb
Nemelex Xobeh
Okawaru
Ru
Sif Muna
Trog
Vehumet
Xom
Yredelemnul
Zin
The Shining One

Shops:
D:2 [   D:7 ?   D:8 !:(   D:12 (

Annotations:
D:11 exclusion: ice statue
Lair:4 2 transporters
Lair:5 1 runed translucent door


Innate Abilities, Weirdness & Mutations

You cannot wear most types of armour.
You are amphibious.
You can wear up to eight rings at the same time.
Your skin changes colour to match your surroundings (Stealth+).
Your rubbery body absorbs attacks. (AC +1, EV +1)
((You are camouflaged when in or above water. (Stealth+)))
You have tentacles for arms and can constrict up to eight enemies at once.
One of your tentacles bears a spike.
You are mostly covered in iridescent scales. (AC +4)


Message History

You miss the vampire mosquito. Your grab misses the vampire mosquito.
The vampire mosquito is lightly damaged.
You are engulfed in calcifying dust.
You are slowing down.
The vampire mosquito is engulfed in calcifying dust.
The vampire mosquito is moving more slowly.
The vampire mosquito bites you!
* * * LOW HITPOINT WARNING * * *
The vampire mosquito draws strength from your injuries!
The vampire mosquito is engulfed in calcifying dust.
The vampire mosquito stops moving altogether!
The vampire mosquito is engulfed in calcifying dust. x3
Your limbs are stiffening.
The vampire mosquito is engulfed in calcifying dust. x2
You have turned to stone.
Your surroundings suddenly seem different.
The eight-headed hydra bites you! The eight-headed hydra bites you.
The eight-headed hydra bites you!
* * * LOW HITPOINT WARNING * * *
The eight-headed hydra bites you.
* * * LOW HITPOINT WARNING * * *
The eight-headed hydra bites you!
* * * LOW HITPOINT WARNING * * *
The eight-headed hydra barely misses you.
The eight-headed hydra bites you!
* * * LOW HITPOINT WARNING * * *
The eight-headed hydra bites you!
* * * LOW HITPOINT WARNING * * *
The eight-headed hydra bites you but does no damage.
The eight-headed hydra bites you.
* * * LOW HITPOINT WARNING * * *
The eight-headed hydra bites you.
* * * LOW HITPOINT WARNING * * *
The eight-headed hydra bites you.
* * * LOW HITPOINT WARNING * * *
The eight-headed hydra bites you!
* * * LOW HITPOINT WARNING * * *
The eight-headed hydra bites you!
You die...
Your body crumbles into a pile of gold.

##...###.##.#..####...
##Yyy§.....#.........
##.p###.......######.
##.h.# ######### #.
##...## ## ...#....#
D..'...O# ...#...QD##
.# ##..hp@# ##..#.#
##.#.# #...# ....#
..#.# .#.# ##..#


You could see an eight-headed hydra, a vault guard, a two-headed ogre, a tengu
conjurer and a howler monkey.

Vanquished Creatures
  Rupert (D:13)
  Gastronok (D:12)
  Azrael (D:13)
  Josephine (D:10)
  3 hydras
  An ogre mage (D:11)
  A centaur warrior (D:13)
  8 two-headed ogres
  A deep elf pyromancer (D:13)
  A deep elf zephyrmancer (Bailey)
  2 cyclopes
  An oklob plant (Lair:2)
  An orc knight (Bailey)
  2 ugly things
  9 elephants
  A merfolk siren (Lair:2)
  4 black mambas
  Joseph (D:10)
  A gargoyle (D:8)
  A torpor snail (Lair:4)
  13 cane toads
  An unseen horror (D:13)
  A rime drake (Lair:2)
  6 komodo dragons
  5 trolls
  2 hornets
  21 blink frogs
  3 slime creatures (D:13)
  Sigmund (D:3)
  17 yaks
  A vampire (D:9)
  A wyvern (Lair:5)
  4 wraiths
  5 vampire mosquitoes (D:12)
  3 fire elementals (D:13)
  5 basilisks
  Menkaure (D:7)
  2 steam dragons
  2 wargs (D:8)
  Edmund (D:6)
  5 hell hounds (D:13)
  A two-headed ogre zombie (D:11)
  11 water moccasins
  An acid dragon (D:11)
  An ice beast (D:7)
  12 orc warriors
  2 black bears
  2 sky beasts
  8 ogres
  16 wolves (Lair:2)
  7 centaurs
  5 phantoms
  A kobold brigand (D:10)
  A gnoll sergeant (D:9)
  10 bullfrogs
  6 scorpions
  2 water moccasin zombies
  3 troll zombies (D:11)
  18 wights
  An electric eel (Lair:5)
  2 howler monkeys (D:10)
  A crimson imp (D:10)
  2 hounds
  4 centaur zombies
  A jelly (D:7)
  A gnoll shaman (D:7)
  8 orc priests
  A bullfrog skeleton (D:7)
  An iguana (D:5)
  13 orc wizards
  A statue (D:6)
  4 ogre zombies (D:11)
  2 hound skeletons (D:4)
  10 adders
  8 gnolls
  6 river rats
  An adder zombie (D:5)
  8 worms
  2 dart slugs
  44 orcs
  8 ball pythons
  4 bats
  6 endoplasms
  4 giant cockroaches
  15 goblins
  3 hobgoblins
  4 quokkas
  9 frilled lizards
  A goblin skeleton (D:11)
  3 goblin zombies (D:11)
  A hobgoblin skeleton (D:11)
  2 hobgoblin zombies (D:11)
  12 kobolds
  5 orc skeletons (D:11)
  13 orc zombies (D:11)
  12 rats
472 creatures vanquished.

Vanquished Creatures (others)
  12 fungi
  43 plants
55 creatures vanquished.

Grand Total: 527 creatures vanquished

Notes
Turn   | Place    | Note
-------+----------+-------------------------------------------
     0 | D:1      | Tirrikindir the Octopode Fighter began the quest for the
                  | Orb.
     0 | D:1      | Reached XP level 1. HP: 16/16 MP: 1/1
   350 | D:1      | Reached XP level 2. HP: 20/21 MP: 2/2
   433 | D:1      | Reached skill level 1 in Stealth
   543 | D:1      | Reached XP level 3. HP: 26/26 MP: 3/3
   872 | D:2      | Reached skill level 3 in Long Blades
   872 | D:2      | Reached XP level 4. HP: 30/31 MP: 4/4
   888 | D:2      | Reached XP level 5. HP: 20/36 MP: 5/5
   959 | D:2      | Found Uxtiemae's Armour Boutique.
  1287 | D:3      | Noticed Sigmund
  1296 | D:3      | Killed Sigmund
  1297 | D:3      | Reached skill level 4 in Long Blades
  1297 | D:3      | Reached XP level 6. HP: 38/43 MP: 6/6
  1372 | D:3      | Reached XP level 7. HP: 18/48 MP: 7/7
  1482 | D:3      | Reached skill level 5 in Long Blades
  2037 | D:4      | Reached skill level 5 in Stealth
  2071 | D:4      | Found a glowing drain.
  2076 | Sewer    | Entered a sewer
  2474 | D:4      | Reached skill level 6 in Long Blades
  2828 | D:4      | Reached XP level 8. HP: 54/54 MP: 8/8
  2875 | D:5      | Entered Level 5 of the Dungeon
  3038 | D:5      | Found an opulent altar of Gozag.
  3044 | D:5      | Became a worshipper of Gozag Ym Sagoz the Greedy
  3046 | D:5      | Found a glowing silver altar of Zin.
  3065 | D:5      | Found a staircase to the Ecumenical Temple.
  3081 | D:5      | Reached skill level 7 in Long Blades
  3557 | D:5      | Reached skill level 8 in Long Blades
  3600 | D:5      | Found a shimmering blue altar of Sif Muna.
  3932 | D:6      | Reached XP level 9. HP: 46/59 MP: 9/9
  3972 | D:6      | Noticed Edmund
  4011 | D:6      | Killed Edmund
  4172 | D:6      | Reached skill level 5 in Fighting
  4241 | D:6      | Found a radiant altar of Vehumet.
  4647 | D:7      | Reached skill level 1 in Evocations
  4673 | D:7      | Reached skill level 1 in Throwing
  4712 | D:7      | Noticed Menkaure
  4720 | D:7      | Killed Menkaure
  4721 | D:7      | Reached skill level 9 in Long Blades
  4877 | D:7      | Found Lilocs's Magic Scroll Boutique.
  4885 | D:7      | Found a bloodstained altar of Trog.
  4895 | D:7      | Reached skill level 5 in Shields
  4927 | D:7      | Bought a scroll of identify for 28 gold pieces
  4927 | D:7      | Bought a scroll of fear for 49 gold pieces
  4927 | D:7      | Bought a scroll of enchant weapon for 105 gold pieces
  4927 | D:7      | Bought a scroll of identify for 28 gold pieces
  4927 | D:7      | Bought a scroll of identify for 28 gold pieces
  4999 | D:7      | Found a sparkling altar of Nemelex Xobeh.
  5026 | D:7      | Reached skill level 5 in Dodging
  5072 | D:7      | Noticed a hornet
  5079 | D:7      | Killed a hornet
  5182 | D:7      | Found a white marble altar of Elyvilon.
  5485 | D:7      | Found a basalt altar of Yredelemnul.
  5740 | D:8      | Noticed a hornet
  5746 | D:8      | Paralysed by a hornet for 2 turns
  5750 | D:8      | Killed a hornet
  5751 | D:8      | Reached XP level 10. HP: 14/68 MP: 10/10
  5824 | D:8      | Found a staircase to the Lair.
  6231 | D:8      | Found a broken altar of Ashenzari.
  6322 | D:8      | Noticed a gargoyle
  6329 | D:8      | Killed a gargoyle
  6829 | D:8      | Found a shadowy altar of Dithmenos.
  6830 | D:8      | Found a hazy altar of Hepliaklqana.
  6935 | D:8      | Bought a potion of mutation for 96 gold pieces
  6936 | D:8      | Gained mutation: You are frail. (-10% HP) [potion of
                  | mutation]
  6936 | D:8      | Gained mutation: Your system is resistant to poisons.
                  | (rPois) [potion of mutation]
  6937 | D:8      | Lost mutation: You are frail. (-10% HP) [potion of
                  | mutation]
  6937 | D:8      | Lost mutation: Your system is resistant to poisons. (rPois)
                  | [potion of mutation]
  6937 | D:8      | Gained mutation: Your muscles are strong. (Str +2) [potion
                  | of mutation]
  6937 | D:8      | Gained mutation: You are clumsy. (Dex -2) [potion of
                  | mutation]
  6937 | D:8      | Gained mutation: You are strong-willed. (Will+) [potion of
                  | mutation]
  6952 | D:9      | Found a sacrificial altar of Ru.
  7032 | D:9      | Found an iron altar of Okawaru.
  7078 | D:9      | Noticed a two-headed ogre
  7085 | D:9      | Killed a two-headed ogre
  7086 | D:9      | Reached skill level 10 in Long Blades
  7434 | D:9      | Reached XP level 11. HP: 71/75 MP: 11/11
  7731 | D:10     | Entered Level 10 of the Dungeon
  7757 | D:10     | Found a flagged portal.
  7775 | Bailey   | Entered a bailey
  7913 | Bailey   | Noticed an orc knight
  7939 | Bailey   | Killed an orc knight
  7991 | Bailey   | Found a large runed translucent door.
  7991 | Bailey   | Found a large runed translucent door.
  7992 | Bailey   | Noticed a deep elf zephyrmancer
  8141 | Bailey   | Killed a deep elf zephyrmancer
  8218 | D:10     | Identified the +0 pair of boots "Ebugad" {Int+4}
  8242 | D:10     | Noticed a two-headed ogre
  8244 | D:10     | Noticed Josephine
  8250 | D:10     | Killed Josephine
  8484 | D:10     | Found a glowing golden altar of the Shining One.
  8614 | D:10     | Killed a two-headed ogre
  8700 | D:10     | Noticed Joseph
  8707 | D:10     | Killed Joseph
  8763 | D:10     | Found a burning altar of Makhleb.
  8764 | D:10     | Found a shimmering altar of Xom.
  8782 | D:10     | Reached skill level 11 in Long Blades
  8871 | D:10     | You fall into a shaft and drop 2 floors!
  8871 | D:12     | Found Zyecs's Weapon Boutique.
  8976 | D:11     | Reached skill level 10 in Stealth
  9210 | D:11     | Found a staircase to the Orcish Mines.
  9256 | D:11     | Reached XP level 12. HP: 58/85 MP: 12/12
  9396 | D:11     | Noticed a four-headed hydra
  9458 | D:11     | Killed a four-headed hydra
  9550 | D:11     | Noticed a two-headed ogre
  9570 | D:11     | Noticed an ogre mage
  9570 | D:11     | Noticed a two-headed ogre
  9573 | D:11     | Killed a two-headed ogre
  9575 | D:11     | Noticed a two-headed ogre
  9588 | D:11     | Killed an ogre mage
  9593 | D:11     | Killed a two-headed ogre
 10062 | D:11     | Killed a two-headed ogre
 10063 | D:11     | Reached skill level 10 in Fighting
 10288 | D:12     | Noticed Gastronok
 10297 | D:12     | Killed Gastronok
 10298 | D:12     | Reached skill level 12 in Long Blades
 10723 | D:12     | Noticed a two-headed ogre
 10728 | D:12     | Noticed a two-headed ogre
 10732 | D:12     | Killed a two-headed ogre
 10742 | D:12     | Killed a two-headed ogre
 11257 | D:7      | Bought a scroll of amnesia for 49 gold pieces
 11259 | D:7      | Bought a scroll of teleportation for 42 gold pieces
 11316 | D:8      | Bought a potion of might for 48 gold pieces
 11316 | D:8      | Bought a potion of might for 48 gold pieces
 11316 | D:8      | Bought a potion of resistance for 120 gold pieces
 11316 | D:8      | Bought a potion of haste for 120 gold pieces
 11368 | Lair:1   | Entered Level 1 of the Lair of Beasts
 11422 | Lair:1   | Identified the +1 helmet of Cif Hosh {Str-2 Dex+6}
 11637 | Lair:1   | Noticed a four-headed hydra
 11644 | Lair:1   | Killed a four-headed hydra
 11645 | Lair:1   | Reached XP level 13. HP: 94/94 MP: 13/13
 12186 | Lair:2   | Identified the +5 chain mail of Duck's Teeth {rF++ Int+2}
 12670 | Lair:2   | Reached skill level 13 in Long Blades
 12670 | Lair:2   | Reached skill level 5 in Evocations
 12680 | Lair:2   | Found a staircase to the Shoals.
 13112 | Lair:3   | Lost mutation: You are strong-willed. (Will+) [potion of
                  | mutation]
 13112 | Lair:3   | Lost mutation: Your muscles are strong. (Str +2) [potion of
                  | mutation]
 13112 | Lair:3   | Lost mutation: You are clumsy. (Dex -2) [potion of
                  | mutation]
 13112 | Lair:3   | Gained mutation: You are partially covered in iridescent
                  | scales. (AC +2) [potion of mutation]
 13112 | Lair:3   | Gained mutation: One of your tentacles bears a spike.
                  | [potion of mutation]
 13112 | Lair:3   | Gained mutation: You are mostly covered in iridescent
                  | scales. (AC +4) [potion of mutation]
 14156 | Lair:4   | Found a hole to the Spider Nest.
 14385 | Lair:4   | Found a transporter.
 14395 | Lair:4   | Found a transporter.
 15131 | Lair:5   | Found a runed translucent door.
 15219 | Lair:5   | Reached XP level 14. HP: 103/103 MP: 14/14
 15483 | Lair:5   | Reached skill level 14 in Long Blades
 16034 | D:13     | Noticed Rupert
 16045 | D:13     | Killed Rupert
 16098 | D:13     | Noticed Azrael
 16112 | D:13     | Killed Azrael
 16323 | D:13     | HP: 3/103 [eight-headed hydra (7)]
 16323 | D:13     | Slain by an eight-headed hydra

Illustrated notes

Levels and vault maps discovered:
D:1:      eino_arrival_water_star, layout_rooms, due_unseen_surprise
D:2:      layout_rooms, serial_shops,
          nicolae_shop_temple_entry_statues_fountains
D:3:      layout_loops_ring, uniq_sigmund
D:4:      layout_loops_cross, lightli_sewer_entry_pipes
D:5:      layout_loops_ring, pdpol_temple_overflow_zin_treasury_gozag_greed,
          nicolae_sif_muna_little_library, minmay_temple_entry_gardened_gates
D:6:      layout_gridville, vehumet_statue, uniq_edmund
D:7:      layout_layer_cave, kennysheep_ying_yang, lemuel_doored_altar,
          nemelex_spade_bored_becter, serial_shops, nicolae_lakefront_shop,
          minmay_fractal_squares_diagonal_5, uniq_menkaure
D:8:      layout_basic, riverfiend_overflow_shadow_ancestor,
          mainiacjoe_overflow_concentric_impassable, erik_lair_orcish_takeover,
          serial_co_window_serial, co_window_paths_b,
          co_window_of_opportunity_a, co_window_of_opportunity_a,
          co_window_paths_a, co_window_of_opportunity_a, co_window_broadway_a,
          co_window_broadway_a, co_window_2corner, co_window_paths_e,
          co_window_4corner_a
D:9:      layout_stronghold, mainiacjoe_overflow_small_starburst,
          lemuel_crystal_altar
D:10:     hellmonk_crumbling_castle, layout_gridville, tso_altar,
          grunt_temple_overflow_champion_of_chaos, enter_bailey_5,
          chequers_serial_rivers_small_b, minmay_hedge_maze,
          minmay_misc_feat_pillars, uniq_joseph, uniq_josephine
D:11:     lemuel_ice_statue, layout_cave_pools, zombieorc2_lemuel
D:12:     layout_basic, serial_shops, nicolae_shop_bloodbath_and_beyond,
          kennysheep_small_square, uniq_gastronok
D:13:     layout_loops_ring, lightli_vaults_fourway_checkpoint,
          nzn_hepliaklqana_mist_gate, uniq_kirke, uniq_rupert, uniq_azrael
Lair:1:   layout_small_grid
Lair:2:   layout_regular_city, minmay_shoals_entry_lonely_mermaid
Lair:3:   layout_loops_ring, infiniplex_staircase_pool_2, grunt_megastairs_4
Lair:4:   gammafunk_boulding_lane, layout_cave_shapes,
          nicolae_spider_entry_non_spiders, st_stairs_13
Lair:5:   dreamdust_labyrinth, layout_layer_cave, nicolae_quartered_pool_medium,
          serial_bayou_shore_a

Skill      XL: |  1  2  3  4  5  6  7  8  9 10 11 12 13 14 |
---------------+-------------------------------------------+-----
Stealth        | 1 2 3 4 5 6 7 8 10 11 12 | 12.0
Long Blades    | 3 4 6 8 9 10 11 12 13 14 | 14.4
Fighting       | 4 6 7 9 10 12 | 12.0
Dodging        | 4 5 6 7 8 9 |  9.6
Shields        | 4 5 6 7 8 9 |  9.7
Evocations     | 2 3 4 6 7 |  7.2
Throwing       | 2 3 |  3.0

Action                   |  1- 3 |  4- 6 |  7- 9 | 10-12 | 13-15 || total
-------------------------+-------+-------+-------+-------+-------++-------
Melee: Long sword        |    58 |    47 |   239 |       |       ||   344
       Tentacles         |     8 |     8 |    65 |    99 |    97 ||   277
       Constrict         |    15 |     9 |    63 |    67 |   101 ||   255
       Punch             |     1 |     1 |     6 |     8 |    13 ||    29
       Scimitar          |       |       |    47 |   307 |   313 ||   667
       Dagger            |       |       |       |     9 |     6 ||    15
       Kick              |       |       |       |       |   123 ||   123
Throw: Dart              |       |       |     3 |       |     8 ||    11
       Throwing net      |       |       |       |     1 |       ||     1
       Boomerang         |       |       |       |    22 |       ||    22
Invok: Call Merchant     |       |       |       |     2 |     1 ||     3
Evoke: Wand              |       |       |     2 |     2 |       ||     4
  Use: Potion            |     2 |     1 |     2 |     4 |     2 ||    11
       Scroll            |     1 |     1 |    15 |    10 |     2 ||    29
 Stab: Sleeping          |     8 |     6 |    22 |    18 |    15 ||    69
       Distracted        |     1 |       |     5 |    15 |     8 ||    29
       Invisible         |       |       |       |     1 |     3 ||     4
Armor: Skin              |     5 |     3 |     5 |     7 |    19 ||    39
Dodge: Dodged            |    27 |    15 |   121 |   156 |   136 ||   455
Block: Buckler           |    10 |    12 |    68 |    57 |    52 ||   199
